 Dungeon Crawl Stone Soup version 0.30.0-20-g3615ddf2f0 (webtiles) character file.

Game seed: 1615078786136495506

38 qw the Chopper (level 3, -1/23 HPs)
             Began as a Gargoyle Fighter on June 2, 2023.
             Slain by Sigmund
             ... wielding a +0 scythe
              (6 damage)
             ... on level 2 of the Dungeon.
             The game lasted 00:00:37 (1237 turns).

qw the Chopper (Gargoyle Fighter)                   Turns: 1237, Time: 00:00:38

Health: -1/23      AC: 14    Str: 21    XL:     3   Next: 43%
Magic:  3/3        EV:  9    Int:  8    God:
Gold:   40         SH:  4    Dex:  9    Spells: 2/2 levels left

rFire   . . .        Y - +0 war axe
rCold   . . .        c - +0 buckler
rNeg    + . .        b - +0 scale mail
rPois   inf          h - +2 helmet
rElec   +            e - +0 cloak
rCorr   .            (no gloves)
SInv    .            (no boots)
Will    .....        (no amulet) Stlth
                     (no ring)
HPRegen 0.23/turn    (no ring)
MPRegen 0.08/turn

%: no passive effects
@: no status effects
A: sickness immunity, AC +3, negative energy resistance 1, electricity
resistance, torment resistance 1, petrification resistance
a: no special abilities


You were on level 2 of the Dungeon.
You visited 1 branch of the dungeon, and saw 2 of its levels.

You collected 40 gold pieces.


Innate Abilities, Weirdness & Mutations

You are immune to sickness and miasma.
Your stone body is resilient. (AC +3)
You are immune to poison.
You resist negative energy. (rN+)
You are resistant to electric shocks. (rElec)
You are resistant to unholy torment.
You are immune to petrification.


   Skills:
 - Level 3.2 Fighting
 + Level 3.4 Axes
 - Level 3.2 Armour
 - Level 3.2 Shields


You had 2 spell levels left.
You didn't know any spells.
Your spell library was empty.

Inventory:

Hand Weapons
 k - a +0 mace
 Y - a +0 war axe (weapon)
Armour
 b - a +0 scale mail (worn)
 c - a +0 buckler (worn)
 e - a +0 cloak (worn)
 h - a +2 helmet (worn)
Scrolls
 a - a scroll of immolation {unknown}
Potions
 d - a potion of might

Dungeon Overview and Level Annotations

Branches:
Dungeon (2/15)

Altars:
Uskayaw

Annotations:
D:2 Sigmund


Message History

Something hits you.
You hit something. Something hits you but does no damage.
You completely miss something. You block something's attack.
You miss something. Something hits you.
You closely miss something.
You hear some strange, mumbled words.
Something tries to affect you, but you resist.
You slash something!
You hear some strange, mumbled words.
A puff of flame appears from out of thin air!
The puff of flame hits you but does no damage.
You closely miss something.
You hear some strange, mumbled words.
A magic dart appears from out of thin air!
The magic dart hits you but does no damage.
You hit something. Something hits you but does no damage.
You miss something. Something hits you but does no damage.
You barely miss something.
You hear some strange, mumbled words.
A magic dart appears from out of thin air!
The magic dart hits you but does no damage.
You miss something. Something hits you.
You barely miss something. Something hits you but does no damage.
You miss something. Something hits you.
You closely miss something. You hit something but do no damage.
Something hits you.
You closely miss something. Something hits you.
You slash something! Something hits you.
You die...

#.# #.# #.# #.# #.# #.#
#######.# #.# ........#
##.##########
........####............
..............#####.....
.......{.............%..
.......@#####.#####.###.
........# #.#####.# #.
######### #.......# #.
######### #. ## # #


There were no monsters in sight!

Vanquished Creatures
  An adder (D:2)
  2 goblins (D:1)
  6 hobgoblins
  2 jackals (D:1)
  3 kobolds (D:1)
  3 quokkas (D:1)
  3 ball pythons
  3 bats
  3 frilled lizards
  2 rats (D:1)
28 creatures vanquished.

Notes
Turn   | Place    | Note
-------+----------+-------------------------------------------
     0 | D:1      | qw the Gargoyle Fighter began the quest for the Orb.
     0 | D:1      | Reached XP level 1. HP: 14/14 MP: 1/1
     0 | D:1      | 0 ||| qw: Version: 0.2-a-102-gdf20003
     0 | D:1      | 0 ||| qw: Game counter: 776
     0 | D:1      | 0 ||| qw: Always use a shield: true
     0 | D:1      | 0 ||| qw: God list: Okawaru
     0 | D:1      | 0 ||| qw: Allow faded altars: false
     0 | D:1      | 0 ||| qw: Do Orc after D:15 true
     0 | D:1      | 0 ||| qw: Do second Lair branch before Depths: true
     0 | D:1      | 0 ||| qw: Lair rune preference: random
     0 | D:1      | 0 ||| qw: Plans: Normal, Zot:1-4, Slime:5, God:TSO, Crypt,
                  | Tomb, Pan, Hells, Abyss, Win
     0 | D:1      | 0 ||| PLANNING D:1-11
   196 | D:1      | 196 ||| Stepping ~*~*~tactically~*~*~ (stealth).
   197 | D:1      | 197 ||| Stepping ~*~*~tactically~*~*~ (stealth).
   203 | D:1      | Reached XP level 2. HP: 18/19 MP: 2/2
   268 | D:1      | 268 ||| Stepping ~*~*~tactically~*~*~ (hiding).
   269 | D:1      | 269 ||| Stepping ~*~*~tactically~*~*~ (hiding).
   450 | D:1      | 450 ||| Stepping ~*~*~tactically~*~*~ (stealth).
   637 | D:1      | Reached skill level 3 in Axes
   644 | D:1      | 644 ||| DROPPING +0 club.
  1067 | D:1      | 1067 ||| UPGRADING to +0 cloak.
  1072 | D:1      | 1072 ||| UPGRADING to +1 helmet.
  1077 | D:1      | 1077 ||| READING 2 scrolls labelled FULEHITOEH.
  1078 | D:1      | 1078 ||| READING scroll of enchant armour.
  1078 | D:1      | 1078 ||| ENCHANTING +1 helmet.
  1079 | D:1      | 1079 ||| READING 5 scrolls labelled RETOTSAORO.
  1080 | D:1      | 1080 ||| READING scroll labelled HEERIS ZELYR.
  1081 | D:1      | 1081 ||| DROPPING 4 scrolls of amnesia.
  1101 | D:2      | Reached XP level 3. HP: 23/23 MP: 3/3
  1112 | D:2      | Found a hide-covered altar of Uskayaw.
  1162 | D:2      | Identified the +2 robe "Wiukiceo" {Str+4}
  1202 | D:2      | Noticed Sigmund
  1236 | D:2      | HP: 5/23 [something (3)]
  1237 | D:2      | Slain by Sigmund

Levels and vault maps discovered:
D:1:      psy_arrival_whirlpool, layout_loops_corners
D:2:      layout_basic, basic_altar, minmay_tall_x, uniq_robin, uniq_sigmund

Skill      XL: |  1  2 |
---------------+-------+-----
Axes           | 2 3 |  3.4
Fighting       | |  3.2
Armour         | |  3.2
Shields        | |  3.2

Action                     || total
---------------------------++-------
  Melee: War axe           ||   100
    Use: Scroll            ||     4
 Armour: Scale mail        ||    36
  Dodge: Dodged            ||    40
  Block: Buckler           ||    16

Table legend:
 A = Non-vault XP
 B = Vault XP
 C = Vault XP percentage of total XP
 D = Non-vault monster count
 E = Vault monster count
 F = Vault count percentage of total count
                 A         B        C        D         E       F
            +---------+---------+-------+---------+---------+-------
      Total |      55 |       0 |   0.0 |      28 |       0 |   0.0
            +---------+---------+-------+---------+---------+-------
        D:1 |      33 |       0 |   0.0 |      21 |       0 |   0.0
        D:2 |      22 |       0 |   0.0 |       7 |       0 |   0.0
            +---------+---------+-------+---------+---------+-------
